 Dungeon Crawl Stone Soup version 0.29.0-7-g18a832c13a (webtiles) character file.

Game seed: 8857005586706606647

103103 sanka the Brawler (level 15, -9/156 HPs)
             Began as a Troll Cinder Acolyte on Aug 30, 2022.
             Was a High Priest of Okawaru.
             Mangled by a death yak (19 damage)
             ... called by a spriggan druid
             ... on level 2 of the Depths.
             The game lasted 00:43:05 (17673 turns).

sanka the Brawler (Troll Cinder Acolyte)           Turns: 17673, Time: 00:43:06

Health: -9/156     AC: 31    Str: 40    XL:     15   Next: 88%
Magic:  18/20      EV:  8    Int: 10    God:    Okawaru [*****.]
Gold:   1253       SH:  0    Dex:  9    Spells: 14/16 levels left

rFire   + . .      SeeInvis .     - Unarmed
rCold   + . .      Faith    .   (no shield)
rNeg    . . .      Spirit   .   W - +7 gold dragon scales of the Pleiades {Harm rPois rF+ rC+ Str+2 Slay+3}
rPois   +          Reflect  .   v - +2 hat {Stlth+}
rElec   .          Harm     +   w - +0 cloak
rCorr   .          Rampage  .   (gloves unavailable)
Will    +....                   (boots unavailable)
Stlth   ..........              m - amulet of regeneration
HPRegen 1.96/turn               s - +6 ring of strength
MPRegen 0.17/turn               E - +6 ring of strength

@: heroic
A: large, unfitting armour, claws 3, regeneration 1, shaggy fur 1, tough skin 1,
hooves 1, clumsy 1
a: Renounce Religion, Heroism, Finesse, Duel


You were on level 2 of the Depths.
You worshipped Okawaru.
Okawaru was extremely pleased with you.
You visited 3 branches of the dungeon, and saw 18 of its levels.

You collected 1523 gold pieces.
You spent 270 gold pieces at shops.


Innate Abilities, Weirdness & Mutations

You are too large for most types of armour.
You have claws for hands.
Your natural rate of healing is unusually fast.
You are covered in fur. (AC +1)
You have tough skin. (AC +1)
You have large cloven feet.
You are clumsy. (Dex -2)


   Skills:
 + Level 12.1(17.1) Fighting
 - Level 5.0(10.0) Throwing
 + Level 8.3(13.3) Armour
 - Level 8.0(13.0) Dodging
 * Level 18.6(23.6) Unarmed Combat
 - Level 1.0 Spellcasting
 - Level 2.1 Fire Magic
 + Level 9.2 Invocations


You had 14 spell levels left.
You knew the following spells:

 Your Spells              Type           Power      Damage    Failure   Level
N - Passwall              Tmut/Erth      0%         N/A       99%         2

Your spell library contained the following spells:

 Spells                   Type           Power      Damage    Failure   Level
 Scorch                   Fire           8%         2d5       89%         2
 Apportation              Tloc           0%         N/A       97%         1
 Necrotise                Necr           0%         1d4       97%         1
 Sandblast                Erth           0%         2d4       97%         1
 Slow                     Hex            0%         N/A       97%         1
 Confusing Touch          Hex            0%         N/A       100%        3
 Dazzling Flash           Conj/Hex       0%         N/A       100%        3
 Ozocubu's Armour         Ice            0%         N/A       100%        3
 Stone Arrow              Conj/Erth      0%         3d7       100%        3
 Vampiric Draining        Necr           0%         2d6       100%        3
 Iskenderun's Mystic Bla  Conj/Tloc      0%         2d3       100%        4
 Passage of Golubria      Tloc           0%         N/A       100%        4
 Agony                    Necr           0%         N/A       100%        5
 Alistair's Intoxication  Tmut/Pois      0%         N/A       100%        5
 Borgnjor's Vile Clutch   Necr/Erth      0%         N/A       100%        5
 Freezing Cloud           Conj/Ice/Air   0%         6-21      100%        5
 Silence                  Hex/Air        0%         N/A       100%        5
 Eringya's Noxious Bog    Tmut/Pois      0%         N/A       100%        6
 Starburst                Conj/Fire      1%         6d3       100%        6
 Ozocubu's Refrigeration  Ice            0%         4d7       100%        7
 Lehudib's Crystal Spear  Conj/Erth      0%         10d2      100%        8
 Polar Vortex             Ice            0%         N/A       100%        9
 Summon Small Mammal      Summ           Unusable   N/A       N/A         1
 Simulacrum               Ice/Necr       Unusable   N/A       N/A         6

Inventory:

Missiles
 F - 72 large rocks (quivered) {=f}
 J - 14 curare-tipped darts {=f}
Armour
 v - a +2 hat of stealth (worn)
 w - a +0 cloak (worn)
 S - quicksilver dragon scales
 W - the +7 gold dragon scales of the Pleiades (worn) {Harm rPois rF+ rC+ Str+2 Slay+3}

   Str:       It affects your strength (+2).
   Slay:      It affects your accuracy & damage with ranged weapons and melee
   (+3).
   rF:        It protects you from fire.
   rC:        It protects you from cold.
   rPois:     It protects you from poison.
   Harm:      It increases damage dealt and taken.
Jewellery
 l - a ring of see invisible
 m - an amulet of regeneration (around neck)
 s - a +6 ring of strength (left claw)
 z - a ring of poison resistance
 E - a +6 ring of strength (right claw)
 L - a ring of fire
 O - an amulet of reflection
 T - a ring of ice
 U - a ring of protection from cold
Wands
 c - a wand of polymorph (1)
 j - a wand of flame (39)
 G - a wand of roots (13)
 I - a wand of mindburst (11)
 V - a wand of acid (9)
Scrolls
 d - 7 scrolls of teleportation {@r4}
 h - 6 scrolls of vulnerability {!r}
 o - 3 scrolls of magic mapping
 p - 3 scrolls of enchant weapon
 r - 2 scrolls of poison {!r}
 t - 7 scrolls of noise {!r}
 y - a scroll of brand weapon
 A - a scroll of torment {!r}
 H - 3 scrolls of enchant armour
 M - 4 scrolls of immolation {!r}
 N - a scroll of fog
 R - a scroll of blinking
Potions
 a - 3 potions of lignification {unknown}
 b - 2 potions of mutation {unknown}
 e - 9 potions of curing {@q1}
 f - 2 potions of experience {unknown}
 i - 2 potions of cancellation {unknown}
 k - 4 potions of heal wounds {@q2}
 n - 4 potions of invisibility {unknown}
 q - 4 potions of flight {unknown}
 u - a potion of berserk rage {unknown}
 x - 5 potions of haste {unknown}
 B - a potion of ambrosia {unknown}
 C - 2 potions of degeneration {unknown}
 D - 4 potions of brilliance {unknown}
 K - 2 potions of attraction {unknown}
 P - 3 potions of might {unknown}
 Q - a potion of magic {unknown}
Miscellaneous
 Y - a condenser vane
 Z - a tin of tremorstones (2/2)

Dungeon Overview and Level Annotations

Branches:
Dungeon (15/15)            Temple (1/1) D:4            Lair (0/5) D:11
    Orc (0/2) D:9          Depths (2/4) D:15
 Vaults: D:13-14

Altars:
Ashenzari
Cheibriados
Dithmenos
Elyvilon
Fedhas
Gozag
Hepliaklqana
Kikubaaqudgha
Makhleb
Nemelex Xobeh
Okawaru
Qazlal
Ru
Sif Muna
Trog
Uskayaw
Vehumet
Wu Jian
Xom
Yredelemnul
Zin
The Shining One

Shops:
D:14 *   Depths:1 *

Portals:
Hell: Depths:1
Trove: D:13 (give +3 shadow dragon scales)

Annotations:
D:9 exclusion: downstairs
D:11 exclusion: downstairs

♣.8.♣ ♣...♣ ♣♣.♣♣ ♣♣♣.♣
♣..♣♣ ♣♣.♣♣ ♣♣♣♣♣♣♣)♣♣♣♣♣
♣......)....♣♣♣♣♣♣♣♣
♣♣♣≈≈≈≈≈≈≈Y~YT.....♣♣♣♣♣♣♣
♣≈≈≈≈≈≈≈≈≈≈≈YY♣♣♣♣♣......♣
≈≈≈≈≈≈≈≈≈≈≈≈≈[♣
♣♣♣♣♣♣....♣
≈≈≈≈≈≈≈≈≈≈≈≈≈.♣ ♣♣♣♣♣..
≈≈≈≈≈≈≈≈≈≈≈≈≈.♣♣
≈≈≈≈≈≈≈≈≈≈≈≈♣♣.♣
≈≈≈≈≈≈≈≈≈≈≈≈♣♣?♣
≈≈≈≈≈≈♣♣♣♣.♣ ≈≈≈≈≈ ♣♣.♣


You could see 4 death yaks.


Message History

The death yak seems to grow more fierce.
The death yak seems to grow more fierce.
You kill the spriggan druid!
Okawaru accepts your kill. The death yak attacks as you move away!
The death yak gores you!
* * * LOW HITPOINT WARNING * * *
The death yak gores you.
* * * LOW HITPOINT WARNING * * *
Things that are here:
a +0 quarterstaff; a +0 robe; a spriggan corpse Unknown command.
You eviscerate the death yak!!! You kick the death yak.
The death yak is severely wounded.
The death yak gores you.
* * * LOW HITPOINT WARNING * * *
The death yak gores you!
* * * LOW HITPOINT WARNING * * *
Unknown command.
As you read the scroll of fear, it crumbles to dust.
You assume a fearsome visage.
The death yak easily resists.
The death yak looks frightened!
The death yak looks frightened!
The death yak resists with some effort.
The death yak gores you.
* * * LOW HITPOINT WARNING * * *
The death yak gores you!
You die...

Action                   |  1- 3 |  4- 6 |  7- 9 | 10-12 | 13-15 || total
-------------------------+-------+-------+-------+-------+-------++-------
Melee: Unarmed           |   153 |    63 |   278 |   445 |   595 ||  1534
       Punch             |     6 |     1 |    14 |    32 |    60 ||   113
       Kick              |       |       |       |       |    57 ||    57
Throw: Large rock        |       |       |       |    10 |    12 ||    22
       Dart              |       |       |       |     3 |       ||     3
 Cast: Passwall          |       |       |       |       |     4 ||     4
Invok: Fiery Armour      |     1 |     1 |     3 |     1 |       ||     6
       Heroism           |       |       |       |    11 |    31 ||    42
       Finesse           |       |       |       |       |     7 ||     7
Evoke: Wand              |       |       |       |     6 |       ||     6
  Use: Scroll            |       |       |       |    10 |    10 ||    20
       Potion            |       |       |       |       |     2 ||     2
 Stab: Distracted        |       |       |       |       |     1 ||     1
Armor: Robe              |    53 |    30 |   121 |    28 |       ||   232
       Acid dragon scale |       |       |       |    71 |       ||    71
       Quicksilver drago |       |       |       |    88 |   140 ||   228
       Gold dragon scale |       |       |       |       |   151 ||   151
Dodge: Dodged            |    53 |    40 |   131 |   174 |   196 ||   594

Levels and vault maps discovered:
D:1:      mrwooster_arrival_arrow, layout_loops_ring, minmay_hedge_maze
D:2:      layout_basic, uniq_sigmund
D:3:      layout_rooms, mainiacjoe_overflow_six_doors_small,
          hangedman_abyss_or_decor_lesser_grid, uniq_crazy_yiuf_cottage,
          uniq_jessica
D:4:      layout_cave_pods, minmay_temple_entry_offerings, uniq_eustachio
D:5:      layout_basic, mainiacjoe_overflow_boulevard, serial_glass,
          glass_columns_b, glass_columns_a, due_unseen_surprise,
          item_on_display_a, feat_on_display, feat_on_display,
          minmay_misc_feat_cross, uniq_grinder, uniq_edmund
D:6:      layout_basic
D:7:      layout_cave_pools, uniq_pikel, uniq_prince_ribbit1, uniq_duvessa
D:8:      layout_basic, serial_curves, eino_curves_04, eino_curves_02,
          uniq_joseph
D:9:      layout_big_octagon, mainiacjoe_overflow_chevrons, david_orc_4,
          kennysheep_small_square
D:10:     layout_loops_ring
D:11:     layout_irregular_city, lair_entry_dummy,
          hangedman_abyss_or_decor_passed, minmay_misc_feat_roman,
          nicolae_elyvilon_peaceful_grove
D:12:     layout_loops_ring, uniq_sonja, uniq_fannar
D:13:     minmay_the_grid_octo_2x2 [minmay_the_grid_octo_checkerflower,
          minmay_the_grid_octo_horde, minmay_the_grid_octo_teeth,
          minmay_the_grid_octo_prize_ultimate_mussel_roller], layout_rooms,
          nicolae_trove_entry_free_sample, hangedman_decor_growths
D:14:     layout_gridville, david_vaults_4, nzn_wu_jian_council_hall,
          serial_shops, shop, uniq_frances, uniq_louise
D:15:     hangedman_depths_entry_try_elsewhere_first, layout_loops_ring,
          columned_hall_lemuel, drop_trap, dreamdust_mushroom_princess
Temple:   nicolae_temple_bog_church
Depths:1: layout_cave_shapes, nicolae_sif_muna_condensation,
          grunt_hell_entry_demonic_statue, serial_shops, bzr_entry_islet,
          nicolae_alphabet_shops, nrook_mini_backslash,
          worldfamousw_hep_ancestral_shrine, serial_bayou_shore_b,
          grunt_megastairs_5
Depths:2: spriggan_forest, hell_entry, pan_entry

Notes
Turn   | Place    | Note
-------+----------+-------------------------------------------
     0 | D:1      | sanka the Troll Cinder Acolyte began the quest for the Orb.
     0 | D:1      | Reached XP level 1. HP: 22/22 MP: 1/1
    88 | D:1      | Reached XP level 2. HP: 26/29 MP: 2/2
   367 | D:1      | Reached skill level 4 in Unarmed Combat
   625 | D:1      | Reached XP level 3. HP: 36/36 MP: 3/3
   825 | D:2      | Noticed Sigmund
   876 | D:2      | Killed Sigmund
   877 | D:2      | Reached skill level 6 in Unarmed Combat
   877 | D:2      | Reached XP level 4. HP: 25/44 MP: 4/4
   877 | D:2      | Reached XP level 5. HP: 29/50 MP: 5/5
  1041 | D:2      | Identified the +4 trident of Courage {antimagic, Str+3}
  1333 | D:2      | Reached XP level 6. HP: 56/59 MP: 6/6
  1518 | D:3      | Reached skill level 7 in Unarmed Combat
  1542 | D:3      | Reached skill level 8 in Unarmed Combat
  1542 | D:3      | Reached XP level 7. HP: 65/66 MP: 7/7
  1606 | D:3      | Found a runed translucent door.
  1607 | D:3      | Noticed Crazy Yiuf
  1612 | D:3      | Killed Crazy Yiuf
  1708 | D:3      | Found a blossoming altar of Fedhas.
  1994 | D:3      | Noticed Jessica
  2003 | D:3      | Killed Jessica
  2272 | D:4      | Noticed Eustachio
  2289 | D:4      | Killed Eustachio
  2290 | D:4      | Reached skill level 9 in Unarmed Combat
  2393 | D:5      | Entered Level 5 of the Dungeon
  2432 | D:5      | Found a glowing golden altar of the Shining One.
  2487 | D:5      | Reached XP level 8. HP: 70/74 MP: 8/8
  2593 | D:5      | Reached skill level 10 in Unarmed Combat
  2593 | D:5      | Noticed Grinder
  2602 | D:5      | Paralysed by Grinder for 5 turns
  2617 | D:5      | Killed Grinder
  2618 | D:5      | Reached skill level 3 in Fighting
  2771 | D:5      | Noticed Edmund
  2795 | D:5      | Killed Edmund
  2796 | D:5      | Reached skill level 4 in Fighting
  3435 | D:4      | Found a staircase to the Ecumenical Temple.
  3557 | Temple   | Entered the Ecumenical Temple
  3747 | D:5      | Reached skill level 11 in Unarmed Combat
  3953 | D:6      | Reached XP level 9. HP: 76/84 MP: 9/9
  4021 | D:6      | Reached skill level 5 in Fighting
  4443 | D:7      | Noticed Dowan
  4445 | D:7      | Noticed Duvessa
  4461 | D:7      | Killed Duvessa
  4463 | D:7      | Killed Dowan
  4528 | D:7      | Noticed Pikel
  4600 | D:7      | Killed Pikel
  4601 | D:7      | Reached skill level 6 in Fighting
  4607 | D:7      | Reached skill level 12 in Unarmed Combat
  4732 | D:7      | Noticed Prince Ribbit
  4747 | D:7      | Killed Prince Ribbit
  5205 | D:8      | Reached XP level 10. HP: 96/100 MP: 10/10
  5210 | D:8      | Reached skill level 7 in Fighting
  5354 | D:8      | Noticed Joseph
  5362 | D:8      | Killed Joseph
  5740 | D:9      | HP: 9/102 [poisoned by a killer bee]
  5742 | D:9      | Reached skill level 13 in Unarmed Combat
  5745 | D:9      | HP: 9/102 [poisoned by a killer bee]
  5849 | D:9      | Identified +0 acid dragon scales
  5898 | D:9      | Found a bloodstained altar of Trog.
  6000 | D:9      | Reached skill level 8 in Fighting
  6132 | D:9      | Reached skill level 14 in Unarmed Combat
  6479 | D:9      | Found a staircase to the Orcish Mines.
  6903 | Temple   | Fell from the grace of Ignis
  6903 | Temple   | Became a worshipper of Warmaster Okawaru
  7043 | D:10     | Entered Level 10 of the Dungeon
  7077 | D:10     | Reached XP level 11. HP: 107/111 MP: 11/11
  7084 | D:10     | Reached skill level 1 in Invocations
  7087 | D:10     | Reached skill level 1 in Dodging
  7531 | D:10     | Reached * piety under Okawaru
  7791 | D:11     | Reached skill level 2 in Invocations
  7838 | D:11     | Found a staircase to the Lair.
  7952 | D:11     | Noticed a red ugly thing
  7960 | D:11     | Reached skill level 3 in Invocations
  7977 | D:11     | Killed a red ugly thing
  7978 | D:11     | Reached skill level 4 in Invocations
  8026 | D:11     | Reached ** piety under Okawaru
  8027 | D:11     | Reached skill level 2 in Dodging
  8284 | D:11     | Found a white marble altar of Elyvilon.
  8290 | D:11     | Noticed a boulder beetle
  8298 | D:11     | Killed a boulder beetle
  8299 | D:11     | Reached skill level 15 in Unarmed Combat
  8321 | D:11     | Noticed an eight-headed hydra
  8328 | D:11     | Killed an eight-headed hydra
  8329 | D:11     | Reached skill level 3 in Dodging
  8685 | D:9      | Identified quicksilver dragon scales
  8791 | D:12     | Noticed a six-headed hydra
  8795 | D:12     | Noticed a deep elf pyromancer
  8808 | D:11     | Killed a six-headed hydra
  8808 | D:11     | Reached *** piety under Okawaru
  8809 | D:11     | Reached skill level 1 in Throwing
  8864 | D:12     | Killed a deep elf pyromancer
  8865 | D:12     | Reached skill level 9 in Fighting
  8865 | D:12     | Reached skill level 1 in Armour
  8916 | D:12     | Noticed a centaur warrior
  8924 | D:12     | Killed a centaur warrior
  8924 | D:12     | Reached **** piety under Okawaru
  8925 | D:12     | Reached skill level 2 in Throwing
  9066 | D:12     | Reached XP level 12. HP: 108/123 MP: 14/14
  9080 | D:12     | Reached skill level 2 in Armour
  9080 | D:12     | Reached skill level 4 in Dodging
  9213 | D:12     | Noticed Fannar
  9225 | D:12     | Killed Fannar
  9278 | D:12     | Noticed Sonja
  9280 | D:12     | Noticed Sonja
  9280 | D:12     | Sonja changed into Sonja the hornet
  9285 | D:12     | Killed Sonja the hornet
  9619 | D:13     | Noticed a centaur warrior
  9619 | D:13     | Noticed a centaur warrior
  9786 | D:13     | Reached skill level 3 in Throwing
  9804 | D:13     | Noticed a boulder beetle
  9819 | D:13     | Killed a centaur warrior
  9819 | D:13     | Reached ***** piety under Okawaru
  9821 | D:13     | Reached skill level 3 in Armour
  9833 | D:13     | Killed a centaur warrior
  9833 | D:13     | Received a gift from Okawaru
  9850 | D:13     | Killed a boulder beetle
  9909 | D:13     | Reached skill level 5 in Dodging
  9914 | D:13     | Reached skill level 4 in Throwing
  9942 | D:13     | Found a portal to a secret trove of treasure.
 10007 | D:13     | Noticed a tengu warrior
 10022 | D:13     | Killed a tengu warrior
 10023 | D:13     | Reached skill level 4 in Armour
 10056 | D:13     | Received a gift from Okawaru
 10118 | D:13     | Noticed a boulder beetle
 10136 | D:13     | Killed a boulder beetle
 10149 | D:13     | Noticed a centaur warrior
 10153 | D:13     | Noticed a five-headed hydra
 10168 | D:13     | Killed a centaur warrior
 10169 | D:13     | Reached skill level 10 in Fighting
 10169 | D:13     | Reached skill level 5 in Invocations
 10169 | D:13     | Reached XP level 13. HP: 84/133 MP: 13/15
 10274 | D:13     | Reached skill level 5 in Throwing
 10364 | D:13     | Reached skill level 6 in Dodging
 10460 | D:13     | Identified the +7 hand axe of Dullness {freeze, rElec rN+
                  | Int+4 Dex+2}
 10548 | D:13     | Reached skill level 5 in Armour
 10574 | D:13     | Identified the +1 great sword "Ucaipeq" {speed, rF- Dex+4}
 10574 | D:13     | Identified the +0 robe "Zaufuk" {Dex+4}
 11091 | D:14     | Noticed Frances
 11116 | D:14     | Killed Frances
 11190 | D:14     | Reached skill level 6 in Invocations
 11407 | D:14     | Found an ornate altar of the Wu Jian Council.
 11699 | D:14     | Found Aheoroch's Assorted Antiques.
 11704 | D:14     | Bought a scroll of identify for 70 gold pieces
 11704 | D:14     | Bought a scroll of identify for 70 gold pieces
 11704 | D:14     | Bought a scroll of identify for 70 gold pieces
 11722 | D:14     | Identified the +4 robe of Okawaru's Displeasure {*Corrode
                  | rPois rC++ Dex+4} (Okawaru gifted it to you on level 14 of
                  | the Dungeon)
 11722 | D:14     | Received a gift from Okawaru
 11886 | D:14     | Noticed Louise
 11924 | D:14     | Killed Louise
 11996 | D:15     | Entered Level 15 of the Dungeon
 12050 | D:15     | Reached skill level 16 in Unarmed Combat
 12089 | D:15     | Reached ****** piety under Okawaru
 12467 | D:15     | Found a staircase to the Depths.
 12474 | D:15     | Reached XP level 14. HP: 90/144 MP: 16/18
 12483 | D:15     | Noticed a broodmother
 12483 | D:15     | an ice dragon changed into a broodmother
 12484 | D:15     | Reached skill level 6 in Armour
 12489 | D:15     | Killed a broodmother
 12490 | D:15     | Reached skill level 7 in Dodging
 13299 | D:5      | Learned a level 2 spell: Passwall
 13694 | D:12     | Was forgiven by Ignis
 13798 | Depths:1 | Entered Level 1 of the Depths
 13798 | Depths:1 | Noticed a frost giant
 13798 | Depths:1 | Noticed a cyan very ugly thing
 13798 | Depths:1 | Noticed a cyan very ugly thing
 13799 | Depths:1 | Noticed a cyan very ugly thing
 13826 | Depths:1 | Noticed a red very ugly thing
 13826 | Depths:1 | Noticed a red very ugly thing
 13832 | D:15     | Killed a cyan very ugly thing
 13840 | D:15     | Killed a cyan very ugly thing
 13840 | D:15     | Received a gift from Okawaru
 13888 | Depths:1 | Noticed a fire giant
 13888 | Depths:1 | Noticed a red very ugly thing
 13888 | Depths:1 | Noticed a red very ugly thing
 13889 | Depths:1 | Noticed a lich
 13904 | D:15     | Killed a frost giant
 13905 | D:15     | Reached skill level 7 in Invocations
 13915 | D:15     | Killed a cyan very ugly thing
 13984 | D:15     | Killed a red very ugly thing
 14000 | D:15     | HP: 5/144 [cyan ugly thing (15)]
 14028 | D:15     | Killed a brown very ugly thing
 14030 | D:15     | Reached skill level 11 in Fighting
 14040 | D:15     | Killed a brown very ugly thing
 14040 | D:15     | Received a gift from Okawaru
 14043 | D:15     | Killed a brown very ugly thing
 14214 | D:15     | Found a staircase to the Depths.
 14869 | D:15     | Killed a fire giant
 14913 | Depths:1 | HP: 8/146 [disintegration (80)]
 15075 | Depths:1 | Noticed a stone giant
 15104 | D:15     | Killed a stone giant
 15106 | D:15     | Identified the +7 gold dragon scales of the Pleiades {Harm
                  | rPois rF+ rC+ Str+2 Slay+3} (Okawaru gifted it to you on
                  | level 15 of the Dungeon)
 15106 | D:15     | Received a gift from Okawaru
 15111 | D:15     | HP: 7/146 [cyan ugly thing (15)]
 15127 | D:15     | Reached skill level 17 in Unarmed Combat
 15307 | Depths:1 | Noticed a cacodemon
 15474 | D:15     | Killed a lich
 15494 | Depths:1 | Noticed a cacodemon
 15499 | D:15     | Identified +0 fire dragon scales
 15515 | D:15     | Reached skill level 7 in Armour
 15562 | Depths:1 | Gained mutation: You have large cloven feet. [a cacodemon]
 15567 | D:15     | Killed a cacodemon
 15574 | Depths:1 | Gained mutation: You are clumsy. (Dex -2) [a cacodemon]
 15581 | D:15     | Killed a cacodemon
 15628 | Depths:1 | Noticed a reaper
 15669 | D:15     | Reached skill level 8 in Dodging
 15669 | D:15     | Reached skill level 8 in Invocations
 15671 | D:15     | Reached XP level 15. HP: 54/154 MP: 17/20
 15837 | Depths:1 | Found a shimmering blue altar of Sif Muna.
 15935 | Depths:1 | Identified the +1 hat of Ahamu {Harm} (Okawaru gifted it to
                  | you on level 1 of the Depths)
 15935 | Depths:1 | Received a gift from Okawaru
 15935 | Depths:1 | Identified +0 fire dragon scales
 15949 | Depths:1 | Found a gateway to Hell.
 16060 | Depths:1 | Identified +0 fire dragon scales
 16260 | Depths:1 | Noticed a lich
 16274 | Depths:1 | Killed a lich
 16302 | Depths:1 | Reached skill level 18 in Unarmed Combat
 16381 | Depths:1 | Found a hazy altar of Hepliaklqana.
 16644 | Depths:1 | Found Ceonuh's Commerce Corner.
 16653 | Depths:1 | Bought a potion of curing for 60 gold pieces
 17009 | Depths:1 | Reached skill level 8 in Armour
 17228 | Depths:2 | Received a gift from Okawaru
 17321 | Depths:2 | Reached skill level 9 in Invocations
 17325 | Depths:2 | Received a gift from Okawaru
 17328 | Depths:2 | Reached skill level 12 in Fighting
 17490 | Depths:2 | Noticed an emperor scorpion
 17510 | Depths:2 | Killed an emperor scorpion
 17510 | Depths:2 | Received a gift from Okawaru
 17672 | Depths:2 | HP: 12/156 [death yak[a spriggan druid] (16)]
 17673 | Depths:2 | Mangled by a death yak

Vanquished Creatures
  2 liches
  Frances (D:14)
  A fire giant (D:15)
  A frost giant (D:15)
  An emperor scorpion (Depths:2)
  2 cacodemons (D:15)
  Louise (D:14)
  A reaper (Depths:1)
  A broodmother (shapeshifter) (D:15)
  7 stone giants
  9 very ugly things
  A vampire knight (Depths:1)
  2 dire elephants (Depths:2)
  A blizzard demon (D:15)
  2 ettins
  2 merfolk javelineers (Depths:1)
  A green death (Depths:1)
  3 fire dragons
  2 jiangshi (Depths:1)
  Fannar (D:12)
  A great orb of eyes (D:15)
  3 rakshasas
  An ogre mage (D:13)
  An ice dragon (D:15)
  3 hydras
  A hell beast (D:15)
  3 boulder beetles
  7 centaur warriors
  2 death yaks (Depths:2)
  2 tengu warriors
  A deep troll earth mage (D:15)
  2 vampire magi
  A soul eater (Depths:1)
  6 spriggans (Depths:2)
  2 spriggan berserkers (Depths:2)
  4 sun demons
  3 iron trolls (D:15)
  4 skeletal warriors (D:13)
  2 sixfirhies (D:15)
  2 deep trolls (D:15)
  4 spriggan druids (Depths:2)
  An obsidian statue (Depths:1)
  2 glowing orange brains
  Pikel (D:7)
  An orc knight (D:15)
  4 deep elf pyromancers
  3 wolf spiders
  2 wizards
  28 ugly things
  2 manticores
  A salamander (shapeshifter) (D:14)
  9 cyclopes
  Joseph (D:8)
  A rust devil (Depths:1)
  2 unseen horrors
  2 gargoyles
  An ice devil (D:15)
  4 tengu conjurers
  A hellwing (D:15)
  Prince Ribbit (D:7)
  4 trolls
  A troll (shapeshifter) (D:13)
  Grinder (D:5)
  4 hornets
  A hornet (shapeshifter) (D:13)
  16 slime creatures
  Sigmund (D:2)
  A centaur simulacrum (D:14)
  5 wraiths
  A wyvern (D:10)
  A ynoxinul (D:15)
  A water elemental (Depths:1)
  15 yaks
  2 shadows
  20 fire elementals
  A basilisk (D:13)
  A fire bat (shapeshifter) (D:14)
  Eustachio (D:4)
  A redback (D:13)
  2 neqoxecs (Depths:1)
  2 steam dragons
  2 vampire mosquitoes (D:13)
  Edmund (D:5)
  Duvessa (D:7)
  3 acid dragons
  3 water moccasins
  8 orc warriors
  An ice beast (D:7)
  An ice beast (shapeshifter) (D:14)
  A sky beast (D:7)
  3 black bears
  An ogre (D:4)
  4 boggarts (D:15)
  6 centaurs
  3 lemures (D:6)
  5 kobold brigands
  A necrophage (D:4)
  4 bullfrogs
  A gnoll sergeant (D:8)
  A scorpion (D:5)
  12 wights
  Dowan (D:7)
  14 killer bees
  3 howler monkeys (D:9)
  2 hounds (D:5)
  2 jellies
  8 orc priests
  Crazy Yiuf (D:3)
  Jessica (D:3)
  3 iguanas
  8 orc wizards
  9 adders
  3 gnolls (D:8)
  A shadow imp (D:6)
  A white imp (D:5)
  2 ufetubi
  A worm (D:3)
  2 dart slugs (D:3)
  24 orcs
  2 endoplasms
  2 giant cockroaches
  7 goblins
  7 hobgoblins
  7 jackals
  2 quokkas (D:1)
  6 ball pythons
  8 bats
  3 frilled lizards
  25 kobolds
  6 rats
  A bush (D:1)
470 creatures vanquished.

Vanquished Creatures (others)
  A deep elf pyromancer (D:13)
  2 fungi (D:3)
3 creatures vanquished.

Grand Total: 473 creatures vanquished
